 Dungeon Crawl Stone Soup version 0.31-a0-841-g038b102fc3 (webtiles) character file.

Game seed: 5083070317132173690

213 LeprechaunX the Changeling (level 5, 0/35 HPs)
             Began as an Octopode Shapeshifter on Sept 27, 2023.
             Was an Initiate of Hepliaklqana.
             Slain by a sleepcap (2 damage)
             ... on level 4 of the Dungeon.
             The game lasted 00:02:22 (2639 turns).

LeprechaunX the Changeling (Octopode Shapeshifter)  Turns: 2639, Time: 00:02:23

Health: 0/35       AC:  1    Str: 15    XL:     5   Next: 90%
Magic:  5/5        EV: 13    Int: 12    God:    Hepliaklqana [......]
Gold:   206        SH:  0    Dex: 12    Spells: 4/4 levels left

rFire   . .          .
                       - Unarmed
rCold   . . .        (no shield)
rNeg    . . .        (helmet currently unavailable)
rPois   .            (no amulet)
rElec   .            l - ring of flight
rCorr   .            (no ring)
SInv    .            (no ring)
Will    .....        (no ring)
Stlth   ++           (no ring)
HPRegen 0.25/turn    (no ring)
MPRegen 0.09/turn    (no ring)
                     (no ring)

%: no passive effects
@: beast-form, flying
A: beast (slay +2), almost no armour, amphibious, 8 rings, camouflage 1,
gelatinous body 1, (nimble swimmer 1), tentacles
a: Begin Untransformation, Renounce Religion


You were on level 4 of the Dungeon.
You worshipped Hepliaklqana.
Hepliaklqana was noncommittal.
You were a hulking beast.
You visited 2 branches of the dungeon, and saw 5 of its levels.

You collected 206 gold pieces.

Inventory:

Hand Weapons
 a - a +0 sling
Jewellery
 l - a ring of flight (left tentacle)
 p - a +6 ring of dexterity
Talismans
 b - a beast talisman (active)
 c - a flux talisman
Scrolls
 f - 4 scrolls of identify {unknown}
 h - a scroll of fear {unknown}
 i - a scroll of revelation {unknown}
 j - 4 scrolls of teleportation {unknown}
 n - a scroll of immolation {unknown}
 o - a scroll of fog {unknown}
Potions
 d - a potion of lignification
 e - 3 potions of curing {unknown}
 g - 4 potions of haste {unknown}
 k - a potion of might {unknown}
 m - a potion of enlightenment {unknown}


   Skills:
 + Level 2.5 Fighting
 + Level 3.1 Dodging
 + Level 3.9 Unarmed Combat
 * Level 4.4 Shapeshifting


You had 4 spell levels left.
You didn't know any spells.
Your spell library contained the following spells:

 Spells                   Type           Power      Damage    Failure   Level
 Apportation              Tloc           0%         N/A       32%         1
 Foxfire                  Conj/Fire      0%         2x1d4     32%         1
 Necrotise                Necr           0%         1d4       32%         1
 Slow                     Hex            0%         N/A       32%         1
 Summon Small Mammal      Summ           0%         N/A       32%         1
 Cigotuvi's Dreadful Rot  Necr/Pois/Air  0%         N/A       45%         2
 Frozen Ramparts          Ice            0%         1d1       69%         3
 Ignite Poison            Fire/Tmut/Pois 0%         N/A       69%         3
 Vampiric Draining        Necr           0%         2d6       69%         3
 Dispel Undead            Necr           0%         3d6       97%         4
 Petrify                  Tmut/Erth      0%         N/A       97%         4
 Agony                    Necr           0%         N/A       100%        5
 Freezing Cloud           Conj/Ice/Air   0%         6-21      100%        5
 Metabolic Englaciation   Hex/Ice        0%         N/A       100%        5
 Death Channel            Necr           0%         N/A       100%        6


Dungeon Overview and Level Annotations

Branches:
Dungeon (4/15)             Temple (1/1) D:4

Altars:
Ashenzari
Cheibriados
Elyvilon
Fedhas
Gozag
Hepliaklqana
Kikubaaqudgha
Makhleb
Nemelex Xobeh
Okawaru
Qazlal
Ru
Sif Muna
Trog
Uskayaw
Vehumet
The Shining One


Innate Abilities, Weirdness & Mutations

You are a hulking beast.
Your limbs bulge with bestial killing power. (Slay +2)
You cannot wear most types of armour.
You are amphibious.
You can wear up to eight rings at the same time.
Your skin changes colour to match your surroundings (Stealth+).
Your rubbery body absorbs attacks. (AC +1, EV +1)
((You are camouflaged when in or above water. (Stealth+)))
You have tentacles for arms and can constrict up to eight enemies at once.


Message History

A sleepcap comes into view.
You tentacle-slap the orc. Your grab misses the orc.
The orc is severely wounded.
The orc hits you with a +0 mace.
You bludgeon the orc!
You kill the orc!
The hound closely misses you. x2
You closely miss the hound. Your grab misses the hound.
The hound bites you but does no damage.
You barely miss the hound. You grab the hound.
You constrict the hound, but do no damage.
The hound barely misses you. The hound misses you.
You tentacle-slap the hound. You squeeze the hound.
The hound is moderately wounded.
You constrict the hound. The hound bites you.
You bludgeon the hound!
The hound is almost dead.
You constrict the hound.
You kill the hound!
The sleepcap releases spores at you.
You tentacle-slap the sleepcap. You grab the sleepcap.
The sleepcap is lightly damaged.
You constrict the sleepcap. The sleepcap releases spores at you!
You are engulfed in a cloud of soporific spores!
You fall asleep.
You lose your grip on the sleepcap.
The sleepcap releases spores at you!!
You wake up.
Ouch! That really hurt!
* * * LOW HITPOINT WARNING * * *
You tentacle-slap the sleepcap. You grab the sleepcap.
The sleepcap is moderately damaged.
You constrict the sleepcap. The sleepcap releases spores at you.
* * * LOW HITPOINT WARNING * * *
You are engulfed in a cloud of soporific spores!
You are unaffected.
Unknown command.
You tentacle-slap the sleepcap.
The sleepcap is heavily damaged.
You constrict the sleepcap. The sleepcap releases spores at you.
You die...

#.... #.... ###....
...... #....##
#.....# #...†f##
######## #h)#
#888#..# ###.#
8...8#.# ####...#
8.>....# #......#
8...8..# #).....#
#888#..#####......#
.............##.###
##......####....#
##..###.##...##.#


You could see a sleepcap.

Vanquished Creatures
  A black bear (D:4)
  A hound (D:4)
  3 adders
  A white imp (D:3)
  A dart slug (D:3)
  3 orcs
  7 ball pythons
  6 bats
  4 endoplasms
  4 giant cockroaches
  3 goblins
  6 hobgoblins
  3 kobolds
  3 quokkas
  2 frilled lizards (D:2)
  4 rats
52 creatures vanquished.

Notes
Turn   | Place    | Note
-------+----------+-------------------------------------------
     0 | D:1      | LeprechaunX the Octopode Shapeshifter began the quest for
                  | the Orb.
     0 | D:1      | Reached XP level 1. HP: 13/13 MP: 1/1
   183 | D:1      | Reached XP level 2. HP: 18/18 MP: 2/2
  1055 | D:2      | Reached XP level 3. HP: 23/23 MP: 3/3
  1513 | D:3      | Reached XP level 4. HP: 29/29 MP: 4/4
  1806 | D:3      | Got a loosely-bound book
  2480 | D:4      | Noticed a black bear
  2489 | D:4      | Killed a black bear
  2490 | D:4      | Reached skill level 4 in Shapeshifting
  2490 | D:4      | Reached XP level 5. HP: 16/35 MP: 5/5
  2571 | D:4      | Found a staircase to the Ecumenical Temple.
  2589 | Temple   | Entered the Ecumenical Temple
  2595 | Temple   | Became a worshipper of Hepliaklqana the Forgotten
  2639 | D:4      | Slain by a sleepcap

Illustrated notes

Levels and vault maps discovered:
D:1:      ncdulo_watergridlock, layout_basic, serial_rivers,
          chequers_serial_rivers_small_b, chequers_serial_rivers_marsh,
          chequers_serial_rivers_small_b, chequers_serial_rivers_micro_a
D:2:      minmay_door_path, layout_rooms, minmay_misc_feat_encased
D:3:      layout_rooms, serial_co_window_serial, co_window_cross_1,
          co_window_of_opportunity_a, co_window_corner_a, co_window_paths_a,
          co_window_corner_a, co_window_of_opportunity_c, co_window_broadway_b,
          co_window_corner_ca, co_window_paths_e, co_window_4corner_a,
          minmay_misc_feat_chi
D:4:      layout_rooms, minmay_temple_entry_statues, uniq_edmund
Temple:   sentei_temple_godly_chess

Skill      XL: |  1  2  3  4 |
---------------+-------------+-----
Fighting       | 2 |  2.5
Dodging        | 3 |  3.1
Shapeshifting  | 4 |  4.4
Unarmed Combat | |  3.9

Action                     |  1- 3 |  4- 6 || total
---------------------------+-------+-------++-------
  Melee: Unarmed           |    71 |    45 ||   116
         Constrict         |    14 |    12 ||    26
         Tentacles         |    10 |     8 ||    18
         Punch             |     2 |     1 ||     3
   Stab: Sleeping          |    10 |     1 ||    11
 Armour: Skin              |    22 |    24 ||    46
  Dodge: Dodged            |    41 |    30 ||    71

Table legend: (Time is in decaauts)
 A = Elapsed time spent in this place.
 B = Non-inter-level travel time spent in this place.
 C = Inter-level travel time spent in this place.
 D = Time resting spent in this place.
 E = Time spent auto-exploring this place.
 F = Levels seen in this place.
 G = Mean time per level.
                   A        B        C        D        E       F      G
               +--------+--------+--------+--------+--------+-----+--------+
         Total |   2630 |   2549 |     81 |     80 |   2104 |   5 |  526.0 |
       Dungeon |   2618 |   2537 |     81 |     80 |   2104 |   4 |  654.5 |
        Temple |     12 |     12 |      0 |      0 |      0 |   1 |   12.0 |
               +--------+--------+--------+--------+--------+-----+--------+

Top non-repeatable levels by time:
     D:3: 972 daAuts
     D:1: 955 daAuts
     D:2: 544 daAuts
     D:4: 146 daAuts
  Temple: 12 daAuts
